cohdb
Replays
Latest Replays
All Replays
Popular Replays
Top Player Replays
Match Explorer
How It Works
Community
CoH3 Stats
Reddit
Sign in to upload your games and track your stats! →
Sign in with Steam
Match 45633810
Unlisted
Match 45633810
Overview
Messages
Build Orders
End
Selects Italian Combined Arms Battlegroup
Selects Bersaglieri Squad
Bersaglieri Squad
Bersaglieri Squad
Construct Light Support Kompanie
Panzerjäger Squad
2.5-tonne Medical Truck
Construct Mechanized Kompanie
Veteran Squad Leaders
Marder III Tank Destroyer
Vehicle Survival Package
Tungsten Core Ammunition
AI Takeover
틈만나면도망감
hohobbang
조영
F!x
Jm200092
Implacable
Invincible_Reason
BAEK
0
0
Comments
sign in to comment!
No comments posted yet!